 Dungeon Crawl Stone Soup version 0.19-a0-262-g5df7875 (webtiles) character file.

49 epen the Gusty (level 3, 0/25 HPs)
             Began as a Demonspawn Air Elementalist on May 25, 2016.
             Slain by a gnoll
             ... wielding a +0 flail
              (12 damage)
             ... on level 2 of the Dungeon.
             The game lasted 00:03:52 (2317 turns).

epen the Gusty (Demonspawn Air Elementalist)        Turns: 2317, Time: 00:03:53

Health: 0/25       AC:  3    Str:  8    XL:     3   Next: 51%
Magic:  3/6        EV: 12    Int: 17    God:
Gold:   28         SH:  0    Dex: 13    Spells: 2 memorised, 3 levels left

rFire  . . .     SeeInvis .     (no weapon)
rCold  . . .     Gourm    .     f - +1 robe {MR+}
rNeg   . . .     Faith    .     (no shield)
rPois  .         Spirit   .     (helmet restricted)
rElec  .         Dismiss  .     (no cloak)
rCorr  .         Reflect  .     (no gloves)
SustAt .         Harm     .     (no boots)
MR     +....                    (no amulet)
Stlth  ++........               (no ring)
                                (no ring)

@: very slightly contaminated, somewhat resistant to hostile enchantments,
unstealthy
A: horns 1, rot immunity
a: no special abilities


You were on level 2 of the Dungeon.
You were hungry.

You visited 1 branch of the dungeon, and saw 2 of its levels.

You collected 28 gold pieces.

Inventory:

Armour
 a - a +0 robe
 f - a +1 robe of magic resistance (worn)
Scrolls
 d - a scroll of identify {unknown}
Potions
 e - a potion of cancellation {unknown}
Books
 b - a book of Air

   Spells                             Type                      Level
   a - Shock                          Conjuration/Air              1
   b - Swiftness                      Charms/Air                   2
   c - Repel Missiles                 Charms/Air                   2
   d - Static Discharge               Conjuration/Air              3
   e - Lightning Bolt                 Conjuration/Air              5
Comestibles
 c - 2 bread rations


   Skills:
 + Level 0.8 Fighting
 + Level 2.2 Dodging
 - Level 1.7 Stealth
 + Level 2.2 Spellcasting
 * Level 1.6 Conjurations
 * Level 3.2 Air Magic


You had 3 spell levels left.
You knew the following spells:

 Your Spells              Type           Power        Failure   Level  Hunger
a - Shock                 Conj/Air       ##..         10%         1    #......
b - Swiftness             Chrm/Air       #.......     17%         2    ###....


Dungeon Overview and Level Annotations

Branches:
Dungeon (2/15)

Altars:


Innate Abilities, Weirdness & Mutations

You have a pair of small horns on your head.
You are immune to rotting.


Message History

The ooze is heavily wounded.
Unknown command.
A hobgoblin comes into view. It is wielding a club.
Casting: Shock
Confirm with . or Enter, or press ? or * to list all spells.
Aiming: Shock
Press: ? - help, Shift-Dir - straight line, f - hobgoblin, p - gnoll
Aim: a hobgoblin, wielding a club The zap hits the hobgoblin.
The hobgoblin is severely wounded.
The gnoll barely misses you.
Casting: Shock
Confirm with . or Enter, or press ? or * to list all spells.
Aiming: Shock
Press: ? - help, Shift-Dir - straight line, f/p - hobgoblin
Aim: a hobgoblin, wielding a club (severely wounded)
You miscast Shock.
You are very lightly contaminated with residual magic.
Wisps of smoke drift from your hands. The gnoll hits you with a flail!
You die...

#.#
#.#
#.#
#.#
#J#
#.#
#g#
#g#
#@#
#.#
#g#
#.#
#.#
#.#
#.#
#.#


You could see 2 gnolls, an ooze and a hobgoblin.

Vanquished Creatures
  2 gnolls (D:2)
  An ooze (D:1)
  2 bats (D:1)
  A giant cockroach (D:1)
  4 goblins (D:1)
  4 hobgoblins (D:1)
  3 jackals (D:1)
  2 kobolds (D:1)
  A giant newt (D:1)
  A rat (D:2)
21 creatures vanquished.

Notes
Turn   | Place    | Note
--------------------------------------------------------------
     0 | D:1      | epen the Demonspawn Air Elementalist began the quest for the Orb.
     0 | D:1      | Reached XP level 1. HP: 13/13 MP: 3/3
   801 | D:1      | Gained mutation: You are immune to rotting. [demonic ancestry]
   801 | D:1      | Reached XP level 2. HP: 14/19 MP: 3/5
   893 | D:1      | Learned a level 2 spell: Swiftness
  1376 | D:1      | Reached skill level 3 in Air Magic
  2159 | D:2      | Gained mutation: You have a pair of small horns on your head. [demonic ancestry]
  2159 | D:2      | Reached XP level 3. HP: 25/25 MP: 4/6
  2317 | D:2      | Slain by a gnoll

Vault maps used:
D:1:      mainiacjoe_arrival_reflecting_pool, minmay_tree_intersection

Skill      XL: |  1  2 |
---------------+-------+-----
Dodging        | 2 |  2.2
Air Magic      | 3 |  3.2
Fighting       | |  0.8
Stealth        | |  1.7
Spellcasting   | |  2.2
Conjurations   | |  1.6

Action                   || total
-------------------------++-------
Melee: Unarmed           ||    54
 Cast: Shock             ||    46
       Swiftness         ||     1
  Eat: Chunk             ||     3
       Pizza             ||     1
Armor: Robe              ||    12
Dodge: Dodged            ||    58
